Map: Catalyst LE

Players

noFreeWill - Winner!

  • Race: Zerg Zerg
  • League: Diamond
  • Spawn Location: 11:00

Tilk

  • Race: Protoss Protoss
  • League: Diamond
  • Spawn Location: 5:00

VOD

Have the link to the VOD?

Description

Time

  • Played on: Jan. 20, 2018, 12:49 p.m.
  • Length: 22:31
Show
View Real Time Build Order
Export as new Build Order

noFreeWill Zerg - Winner!

Build Orders: Hatch First, Lurkers 

Get SALT Encoding   

  12  0:01  Drone  
  13  0:12  Overlord  
  13  0:18  Drone  
  14  0:31  Drone x2  
  14  0:35  Drone  
  17  1:05  Hatchery  
  17  1:11  Drone x3  
  19  1:15  Extractor  
  18  1:21  Spawning Pool  
  17  1:27  Drone  
  19  1:32  Drone  
  19  2:13  Zergling x2  
  19  2:15  Zergling x2  
  21  2:16  Hatchery  
  20  2:40  Zergling x8  
  22  2:53  Queen  
  22  2:56  Zergling x2  
  24  3:08  Zergling x6  
  23  3:22  Spine Crawler  
  23  3:23  Zergling x6  
  25  3:27  Metabolic Boost  
  22  3:51  Zergling x2  
  22  3:52  Zergling x10  
  28  4:03  Roach Warren  
  28  4:09  Drone x2  
  27  4:25  Drone x3  
  30  4:39  Drone x3  
  33  4:48  Drone  
  33  4:59  Overlord x2  
  33  5:08  Spine Crawler  
  30  5:23  Drone x3  
  30  5:24  Overlord, Drone x2  
  35  5:31  Roach  
  35  5:32  Roach x2  
  35  5:35  Zergling x4  
  42  5:45  Lair  
  42  5:47  Extractor  
  42  5:48  Extractor  
  40  5:50  Drone x2  
  40  5:52  Extractor  
  39  6:01  Queen  
  39  6:03  Drone  
  42  6:04  Drone  
  42  6:09  Ravager x3  
  46  6:20  Drone x3  
  46  6:21  Evolution Chamber  
  46  6:22  Drone  
  49  7:00  Spire  
  48  7:06  Drone x3  
  48  7:07  Drone x2  
  48  7:08  Drone x4  
  57  7:24  Queen, Spore Crawler  
  58  7:42  Overlord x2  
  58  7:43  Overlord  
  55  7:55  Queen  
  55  7:57  Overlord x2  
  51  8:07  Queen  
  51  8:09  Drone x3  
  51  8:10  Drone x2  
  56  8:29  Mutalisk x5  
  64  8:36  Mutalisk  
  66  8:44  Zerg Missile Weapons Level 1  
  66  8:45  Mutalisk x2, Hydralisk Den  
  69  8:52  Mutalisk  
  69  8:53  Mutalisk  
  73  8:58  Queen  
  73  9:01  Nydus Network  
  72  9:16  Hydralisk x5  
  82  9:29  Lurker Den  
  81  9:32  Drone  
  81  9:33  Drone x4  
  86  9:39  Queen  
  86  9:42  Hydralisk  
  90  9:47  Overlord x2  
  90  10:04  Drone  
  90  10:05  Overlord  
  90  10:06  Overlord x2  
  87  10:18  Queen  
  87  10:22  Hydralisk x5  
  93  10:37  Hydralisk  
  93  10:38  Hydralisk  
  97  10:47  Nydus Canal  
  97  10:54  Hydralisk x2  
  103  10:58  Queen  
  103  11:00  Zerg Missile Weapons Level 2  
  101  11:17  Spore Crawler  
  78  11:46  Nydus Canal  
  72  11:50  Hydralisk  
  72  11:51  Hydralisk x9  
  72  11:54  Lurker x2  
  86  11:56  Overlord  
  84  12:02  Nydus Canal  
  84  12:19  Lurker x2, Spore Crawler  
  84  12:21  Spore Crawler  
  84  12:42  Hydralisk x5  
  94  12:45  Zergling x2  
  94  12:46  Zergling x6  
  88  13:27  Zergling x24  
  99  13:52  Hydralisk x4  
  107  14:10  Nydus Canal  
  106  14:53  Hatchery  
  104  15:02  Hatchery  
  101  15:17  Spawning Pool  
  101  15:20  Hydralisk Den  
  99  15:22  Spire  
  85  15:49  Muscular Augments  
  85  15:52  Infestation Pit  
  83  16:12  Extractor  
  83  16:13  Extractor  
  81  16:20  Spore Crawler  
  81  16:21  Spore Crawler  
  70  16:52  Queen  
  66  16:58  Queen  
  68  17:08  Hydralisk x2  
  70  17:17  Extractor  
  70  17:18  Extractor  
  70  17:20  Drone x2  
  70  17:23  Spore Crawler  
  69  17:32  Hatchery, Drone x2  
  69  17:33  Drone  
  69  17:34  Drone  
  73  17:44  Drone  
  73  17:50  Zerg Flyer Armor Level 1  
  73  17:57  Queen  
  75  18:00  Queen  
  77  18:11  Hydralisk x7  
  87  18:30  Hydralisk  
  87  18:31  Hydralisk x3  
  87  18:33  Overlord  
  95  18:39  Queen  
  95  18:56  Drone x2  
  95  18:58  Queen  
  99  19:06  Drone  
  99  19:07  Drone x6  
  106  19:15  Lair  
  106  19:22  Hydralisk x2  
  104  19:40  Spore Crawler  
  104  19:45  Extractor  
  102  19:46  Extractor  
  102  19:50  Drone x3  
  102  19:51  Drone x5  
  109  20:03  Drone x3  
  109  20:04  Drone x2  
  114  20:35  Drone x2  
  116  20:36  Drone  
  116  20:37  Drone x2  
  116  20:38  Drone x3  
  116  20:39  Drone x2  
  116  20:40  Drone x2  
  128  20:44  Hive  
  126  20:55  Spore Crawler  
  119  20:57  Spore Crawler x2  
  119  20:58  Spore Crawler  
  109  21:10  Pneumatized Carapace  
  109  21:11  Hydralisk x10  
  107  21:14  Overlord  
  107  21:16  Overlord  
Show
View Real Time Build Order
Export as new Build Order

Tilk Protoss 

Build Orders: Double Forge 

Get SALT Encoding   

  12  0:02  Probe  
  13  0:14  Probe  
  14  0:21  Pylon  
  14  0:26  Probe  
  15  0:39  Probe (Chrono Boost)  
  17  0:51  Probe (Chrono Boost)  
  17  0:57  Probe (Chrono Boost)  
  18  1:07  Nexus  
  18  1:19  Forge  
  18  1:26  Pylon  
  18  1:34  Probe (Chrono Boost)  
  18  1:38  Forge  
  19  1:46  Probe (Chrono Boost)  
  20  1:52  Gateway  
  19  2:02  Probe  
  20  2:12  Photon Cannon  
  20  2:15  Probe  
  21  2:18  Pylon  
  21  2:27  Probe  
  22  2:30  Photon Cannon  
  22  2:34  Probe  
  23  2:39  Probe  
  23  2:46  Probe  
  23  2:50  Zealot  
  23  2:51  Probe  
  27  3:01  Photon Cannon  
  27  3:07  Gateway  
  27  3:10  Photon Cannon  
  27  3:14  Probe (Chrono Boost)  
  27  3:15  Probe (Chrono Boost)  
  29  3:20  Assimilator  
  29  3:24  Probe (Chrono Boost)  
  29  3:25  Assimilator  
  30  3:33  Photon Cannon  
  30  3:42  Photon Cannon  
  30  4:04  Probe x2  
  30  4:09  Assimilator  
  32  4:11  Assimilator, Cybernetics Core  
  32  4:16  Probe, Zealot (Chrono Boost)  
  32  4:17  Probe  
  36  4:29  Probe x2  
  38  4:41  Probe x2  
  40  4:53  Probe  
  40  4:54  Shield Battery  
  40  4:55  Shield Battery  
  40  4:57  Shield Battery  
  41  5:00  Pylon, Photon Cannon  
  41  5:04  Pylon  
  41  5:13  Probe x2  
  43  5:25  Probe x2  
  45  5:30  Zealot  
  47  5:37  Probe  
  47  5:38  Probe  
  47  5:41  Stargate  
  45  5:45  Photon Cannon  
  45  5:49  Probe (Chrono Boost)  
  46  5:50  Probe (Chrono Boost)  
  46  5:53  Photon Cannon  
  47  6:02  Probe (Chrono Boost)  
  49  6:06  Pylon  
  49  6:08  Probe (Chrono Boost)  
  49  6:10  Stargate, Probe (Chrono Boost)  
  50  6:11  Pylon  
  50  6:14  Probe (Chrono Boost)  
  50  6:16  Probe  
  52  6:26  Probe  
  52  6:28  Probe  
  52  6:29  Fleet Beacon  
  54  6:37  Void Ray (Chrono Boost), Photon Cannon  
  54  6:38  Probe  
  54  6:41  Photon Cannon  
  57  6:56  Shield Battery  
  57  6:58  Stargate  
  57  7:00  Shield Battery  
  57  7:02  Probe x2  
  59  7:10  Void Ray (Chrono Boost)  
  59  7:14  Probe x2  
  65  7:45  Probe x2  
  65  7:50  Tempest  
  73  7:57  Probe  
  74  8:06  Probe  
  74  8:09  Probe  
  74  8:12  Robotics Facility  
  76  8:18  Probe  
  75  8:39  Photon Cannon  
  75  8:57  Pylon x2  
  75  8:59  Pylon  
  75  9:00  Observer  
  75  9:01  Pylon  
  76  9:14  Tempest  
  88  9:19  Photon Cannon  
  88  9:21  Observer  
  88  9:22  Photon Cannon  
  88  9:23  Photon Cannon  
  83  9:24  Phoenix  
  83  9:26  Phoenix, Photon Cannon  
  83  9:27  Photon Cannon  
  87  9:31  Photon Cannon  
  87  9:32  Pylon  
  87  9:34  Pylon  
  87  9:42  Anion Pulse-Crystals  
  86  9:54  Photon Cannon  
  86  9:57  Photon Cannon x2  
  81  10:03  Phoenix  
  81  10:13  Phoenix  
  83  10:28  Phoenix  
  85  10:37  Phoenix  
  87  10:52  Phoenix  
  87  10:53  Tempest  
  95  11:02  Phoenix  
  97  11:17  Phoenix  
  89  12:12  Immortal  
  93  12:17  Tempest  
  93  12:22  Photon Cannon  
  99  12:24  Photon Cannon  
  99  12:25  Photon Cannon  
  99  12:29  Photon Cannon  
  99  12:52  Tempest  
  101  13:21  Pylon  
  101  13:22  Pylon  
  101  13:23  Pylon  
  101  13:25  Pylon x2  
  101  13:27  Pylon  
  101  13:33  Observer  
  99  13:44  Zealot  
  101  13:49  Tempest  
  107  13:55  Photon Cannon  
  107  14:00  Observer  
  107  14:44  Photon Cannon  
  107  14:48  Photon Cannon  
  107  14:53  Observer  
  93  15:14  Observer  
  76  15:44  Tempest  
  76  15:46  Immortal  
  86  15:56  Gateway  
  86  15:57  Gateway, Photon Cannon x2  
  86  15:58  Photon Cannon x4  
  86  15:59  Photon Cannon  
  86  16:00  Gateway, Photon Cannon  
  86  16:14  Photon Cannon  
  86  16:15  Photon Cannon  
  86  16:16  Photon Cannon  
  86  16:34  Immortal  
  86  17:10  Assimilator  
  86  17:12  Assimilator  
  84  17:24  Zealot x2  
  84  17:25  Zealot  
  90  17:33  Gateway  
  90  17:51  Zealot x2  
  94  18:02  Carrier (Chrono Boost)  
  94  18:08  Graviton Catapult  
  99  18:54  Zealot x4  
  107  18:59  Twilight Council  
  107  19:04  Warp Prism  
  105  19:21  Zealot x2  
Tags
 
Add a new tag
Caveats
  • Supply blocks, unpowered buildings, or Contaminate may cause inaccurate times.
  • Supply counts are checked every 10 seconds.